 Dungeon Crawl Stone Soup version 0.21.0-3-g78d12a8 (webtiles) character file.

7489 manyhoops the Carver (level 11, -6/84 HPs)
             Began as a Gnoll Wanderer on Jan 7, 2018.
             Was an Elder of Yredelemnul.
             Mangled by a wyvern (8 damage)
             ... on level 10 of the Dungeon on Jan 8, 2018.
             The game lasted 00:14:29 (8212 turns).

manyhoops the Carver (Gnoll Wanderer)               Turns: 8212, Time: 00:14:33

Health: -6/84      AC: 11    Str: 18 (19) XL:     11   Next: 16%
Magic:  19/19      EV: 14    Int: 14 (16) God:    Yredelemnul [****..]
Gold:   604        SH:  6    Dex: 17 (19) Spells: 21/21 levels left

rFire    . . .     SeeInvis +   w - +2 broad axe of Analysis {venom, *Slow Str+2 SInv}
rCold    + + .     Gourm    .   q - +0 buckler
rNeg     . . .     Faith    .   y - +2 ring mail {rC+}
rPois    +         Spirit   .   h - +0 helmet
rElec    .         Reflect  .   B - scarf {cloud immunity}
rCorr    .         Harm     .   I - +0 pair of gloves
MR       .....     Clarity  +   (no boots)
Stlth    +++.......             (no amulet)
HPRegen  0.24/turn              j - +5 ring of dexterity
MPRegen  0.16/turn              A - ring of poison resistance

@: no status effects
A: distributed training, fangs 1, clarity, cold resistance 1, no potion heal 1,
strong nose
a: Recall Undead Slaves, Injury Mirror, Animate Dead, Drain Life, Renounce
Religion


You were on level 10 of the Dungeon.
You worshipped Yredelemnul.
Yredelemnul was greatly pleased with you.
You were not hungry.

You visited 1 branch of the dungeon, and saw 10 of its levels.

You collected 604 gold pieces.

Inventory:

Hand Weapons
 w - the +2 broad axe of Analysis (weapon) {venom, *Slow Str+2 SInv}
   (You found it on level 4 of the Dungeon)

   It poisons the flesh of those it strikes.
   It affects your strength (+2).
   It lets you see invisible.
   It may slow you when you take damage.
 D - a +3 scimitar of flaming
Missiles
 t - a throwing net (quivered)
Armour
 h - a +0 helmet (worn)
 q - a +0 buckler (worn)
 y - a +2 ring mail of cold resistance (worn)
 B - a scarf of cloud immunity (worn)
 I - a +0 pair of gloves (worn)
Magical Staves
 M - an uncursed staff of power
Jewellery
 j - a +5 ring of dexterity (left hand)
 A - a ring of poison resistance (right hand)
 E - an uncursed ring of protection from cold
 P - an uncursed ring of flight {unknown}
Wands
 C - a wand of acid (6)
 H - a wand of enslavement (15)
 J - a wand of flame (32)
 K - a wand of disintegration (13)
 N - a wand of random effects (32)
Scrolls
 a - a scroll of identify
 d - 3 scrolls of immolation
 e - 5 scrolls of remove curse
 i - 3 scrolls of blinking
 k - a scroll of enchant armour {unknown}
 l - 3 scrolls of amnesia
 s - 5 scrolls of teleportation
 v - a scroll of enchant weapon
 F - a scroll of noise {unknown}
 G - a scroll of magic mapping {unknown}
 L - a scroll of random uselessness
 O - a scroll of summoning {unknown}
Potions
 b - a potion of magic {unknown}
 c - 4 potions of curing
 g - a potion of ambrosia
 m - a potion of cancellation
 n - a potion of brilliance {unknown}
 p - a potion of invisibility
 r - a potion of mutation
 u - a potion of haste {unknown}
 x - 3 potions of heal wounds
 z - 2 potions of might
Comestibles
 f - 25 rations
 o - 3 chunks of flesh


   Skills:
 + Level 7.5 Fighting
 + Level 5.9 Short Blades
 + Level 8.9 Long Blades
 + Level 5.9 Axes
 + Level 5.9 Maces & Flails
 + Level 5.9 Polearms
 + Level 5.9 Staves
 + Level 5.9 Slings
 + Level 5.9 Bows
 + Level 5.9 Crossbows
 + Level 5.9 Throwing
 + Level 7.5 Armour
 + Level 5.9 Dodging
 + Level 7.3 Stealth
 + Level 6.5 Shields
 + Level 5.9 Unarmed Combat
 + Level 5.9 Spellcasting
 + Level 4.9 Conjurations
 + Level 4.9 Hexes
 + Level 4.9 Charms
 + Level 4.9 Summonings
 + Level 4.9 Necromancy
 + Level 4.9 Translocations
 + Level 4.9 Transmutations
 + Level 4.9 Fire Magic
 + Level 4.9 Ice Magic
 + Level 4.9 Air Magic
 + Level 4.9 Earth Magic
 + Level 4.9 Poison Magic
 + Level 6.5 Invocations
 + Level 5.9 Evocations


You had 21 spell levels left.
You didn't know any spells.

Dungeon Overview and Level Annotations

Branches:
Dungeon (10/15)            Temple (0/1) D:5            Lair (0/6) D:8
    Orc: D:9-12

Altars:
Ashenzari
Cheibriados
Fedhas
Hepliaklqana
Okawaru
Ru
Yredelemnul

Annotations:
D:3 Natasha


Innate Abilities, Weirdness & Mutations

Your experience applies equally to all skills.
You have very sharp teeth.
Your uncanny sense of smell can sniff out nearby items.
You possess an exceptional clarity of mind.
Your flesh is cold resistant. (rC+)
Potions are less effective at restoring your health.


Message History

The wyvern hisses menacingly.
The wyvern bites your flying skull! The yak gores your flying skull!
Your flying skull is destroyed!
The wyvern hisses angrily.
The wyvern bites you but does no damage.
You hit the wyvern. Your bite misses the wyvern.
The wyvern is heavily wounded.
The wyvern barely misses you. The wyvern bites you!
* * * LOW HITPOINT WARNING * * *
You slash the wyvern!
The wyvern is poisoned.
The wyvern is almost dead.
You block the wyvern's attack. The wyvern bites you!
* * * LOW HITPOINT WARNING * * *
You closely miss the wyvern.
The wyvern is almost dead.
The wyvern bites you!
* * * LOW HITPOINT WARNING * * *
The wyvern bites you!
You die...
Your body rises from the dead as a mindless zombie.

...# ...# #.... #.##
#...# ...# #...# ### #..#
#...# ..
#..#####...####### .#
.................##.#
...).)...........lYZ#
..........(.....@#Y.....#
#†######...#######......#
#z# #...# #....)..# #.#
#...# #.......# ..# #...#
#........ ### #...#
##......( #...# ....#..
...## #...


You could see a yak, a wyvern and a bullfrog zombie (wandering).

Vanquished Creatures
  A two-headed ogre (D:9)
  The ghost of Plasmagod the Covert, a novice SpEn of Dithmenos (D:8)
  Grinder (D:3)
  The ghost of HungrySpirit the Cutter, an amateur DEAr (D:3)
  2 yaks (D:10)
  A steam dragon (D:7)
  Menkaure (D:7)
  2 ice beasts
  A sky beast (D:8)
  2 ogres
  A centaur (D:4)
  A bullfrog (D:8)
  A big kobold (D:8)
  2 gnoll sergeants (D:7)
  8 killer bees (D:8)
  A crimson imp (D:5)
  2 bullfrog zombies
  A howler monkey (D:9)
  A centaur skeleton (D:9)
  4 orc priests
  3 hounds
  6 orc wizards
  A bullfrog skeleton (D:5)
  A gnoll shaman (D:6)
  2 iguanas
  Natasha (D:3)
  7 worker ants
  A hound skeleton (D:4)
  A worker ant zombie (D:6)
  27 gnolls
  10 adders
  A howler monkey skeleton (D:6)
  A shadow imp (D:7)
  An ooze (D:3)
  2 adder skeletons
  2 worms
  A dart slug (D:1)
  6 leopard geckos
  20 orcs
  6 bats
  7 giant cockroaches
  8 goblins
  6 hobgoblins
  2 jackals (D:3)
  10 kobolds
  5 quokkas
  A ball python (D:2)
  6 frilled lizards
  6 rats
186 creatures vanquished.

Vanquished Creatures (collateral kills)
  Erica (D:8)
  3 two-headed ogres
  An ugly thing (D:9)
  A wyvern (D:8)
  4 yaks
  A soldier ant (D:9)
  An orc warrior (D:7)
  2 ice beasts (D:6)
  2 sky beasts (D:6)
  2 ogres
  2 centaurs
  2 bullfrogs (D:6)
  A big kobold (D:7)
  A wyvern skeleton (D:6)
  A scorpion (D:10)
  A killer bee (D:9)
  A wight (D:6)
  3 howler monkeys
  A crimson imp (D:6)
  A bullfrog zombie (D:10)
  A jelly (D:8)
  2 bullfrog skeletons
  4 hounds
  An iguana (D:9)
  An orc wizard (D:5)
  3 worker ants
  A worker ant zombie (D:8)
  9 gnolls
  An adder (D:6)
  A shadow imp (D:7)
  An adder zombie (D:8)
  A worm (D:6)
  12 orcs
  A ball python (D:4)
  A giant cockroach (D:4)
  3 kobolds (D:7)
  A leopard gecko zombie (D:5)
76 creatures vanquished.

Vanquished Creatures (others)
  6 flying skulls
  A jackal zombie (D:3)
  4 orc zombies (D:5)
  2 quokka zombies
13 creatures vanquished.

Grand Total: 275 creatures vanquished

Notes
Turn   | Place    | Note
-------+----------+-------------------------------------------
     0 | D:1      | manyhoops the Gnoll Wanderer began the quest for the Orb.
     0 | D:1      | manyhoops set off with: a +2 falchion, a +0 ring mail, a potion of curing, a +0 dagger, a ration
     0 | D:1      | Reached XP level 1. HP: 20/20 MP: 1/1
   111 | D:1      | Reached XP level 2. HP: 26/26 MP: 2/2
   727 | D:1      | Reached XP level 3. HP: 31/31 MP: 3/3
  1278 | D:2      | Reached skill level 1 in Invocations
  1295 | D:1      | Reached skill level 1 in Short Blades
  1295 | D:1      | Reached skill level 1 in Axes
  1295 | D:1      | Reached skill level 1 in Maces & Flails
  1295 | D:1      | Reached skill level 1 in Polearms
  1295 | D:1      | Reached skill level 1 in Staves
  1295 | D:1      | Reached skill level 1 in Slings
  1295 | D:1      | Reached skill level 1 in Bows
  1295 | D:1      | Reached skill level 1 in Crossbows
  1295 | D:1      | Reached skill level 1 in Throwing
  1295 | D:1      | Reached skill level 1 in Dodging
  1295 | D:1      | Reached skill level 1 in Unarmed Combat
  1295 | D:1      | Reached skill level 1 in Spellcasting
  1295 | D:1      | Reached skill level 1 in Evocations
  1661 | D:2      | Reached XP level 4. HP: 22/38 MP: 5/5
  2235 | D:2      | Found a shattered altar of Ashenzari.
  2261 | D:2      | Reached skill level 1 in Conjurations
  2261 | D:2      | Reached skill level 1 in Hexes
  2261 | D:2      | Reached skill level 1 in Charms
  2261 | D:2      | Reached skill level 1 in Summonings
  2261 | D:2      | Reached skill level 1 in Necromancy
  2261 | D:2      | Reached skill level 1 in Translocations
  2261 | D:2      | Reached skill level 1 in Transmutations
  2261 | D:2      | Reached skill level 1 in Fire Magic
  2261 | D:2      | Reached skill level 1 in Ice Magic
  2261 | D:2      | Reached skill level 1 in Air Magic
  2261 | D:2      | Reached skill level 1 in Earth Magic
  2261 | D:2      | Reached skill level 1 in Poison Magic
  2453 | D:2      | Reached XP level 5. HP: 43/43 MP: 6/6
  2510 | D:3      | Gained mutation: Potions are less effective at restoring your health. [potion of mutation]
  2510 | D:3      | Gained mutation: You possess an exceptional clarity of mind. [potion of mutation]
  2510 | D:3      | Gained mutation: Your flesh is cold resistant. (rC+) [potion of mutation]
  2880 | D:3      | Found a sacrificial altar of Ru.
  2880 | D:3      | Found a faded altar of an unknown god.
  2887 | D:3      | Found a faded altar of an unknown god.
  2889 | D:3      | Became a worshipper of Yredelemnul the Dark
  2889 | D:3      | Reached * piety under Yredelemnul
  2898 | D:3      | Found a hazy altar of Hepliaklqana.
  2898 | D:3      | Noticed Grinder
  3105 | D:3      | Noticed Natasha
  3112 | D:3      | Killed Natasha
  3112 | D:3      | Reached XP level 6. HP: 46/50 MP: 8/8
  3113 | D:3      | Noticed HungrySpirit's ghost (amateur DEAr)
  3123 | D:3      | Killed HungrySpirit's ghost
  3123 | D:3      | Reached skill level 5 in Fighting
  3123 | D:3      | Reached skill level 5 in Armour
  3167 | D:3      | Noticed Natasha
  3441 | D:3      | Paralysed by Grinder for 4 turns
  3447 | D:3      | Killed Grinder
  3447 | D:3      | Reached skill level 7 in Long Blades
  3447 | D:3      | Reached XP level 7. HP: 28/56 MP: 10/10
  3568 | D:3      | Found an iron altar of Okawaru.
  3806 | D:4      | Found a blossoming altar of Fedhas.
  3825 | D:4      | Reached ** piety under Yredelemnul
  3976 | D:4      | Got a warped broad axe
  3977 | D:4      | Identified the cursed +2 broad axe of Analysis {venom, *Slow Str+2 SInv} (You found it on level 4 of the Dungeon)
  3983 | D:4      | Reached skill level 5 in Stealth
  4247 | D:4      | Reached XP level 8. HP: 49/63 MP: 12/12
  4545 | D:5      | Entered Level 5 of the Dungeon
  4577 | D:5      | Reached *** piety under Yredelemnul
  4593 | D:5      | Found a staircase to the Ecumenical Temple.
  4603 | D:5      | Received a gift from Yredelemnul (5 flying skulls)
  5232 | D:6      | Reached XP level 9. HP: 69/69 MP: 14/14
  5524 | D:6      | Received a gift from Yredelemnul (4 flying skulls)
  5585 | D:6      | Reached skill level 5 in Shields
  5767 | D:7      | Noticed Menkaure
  5768 | D:7      | Killed Menkaure
  5776 | D:7      | Received a gift from Yredelemnul (3 flying skulls)
  5920 | D:7      | Reached **** piety under Yredelemnul
  6097 | D:7      | Reached skill level 8 in Long Blades
  6214 | D:7      | Reached skill level 5 in Invocations
  6491 | D:8      | Noticed a two-headed ogre
  6498 | D:8      | Killed a two-headed ogre
  6498 | D:8      | Reached XP level 10. HP: 19/77 MP: 15/17
  6686 | D:8      | Noticed Plasmagod's ghost (novice SpEn)
  6709 | D:8      | Killed Plasmagod's ghost
  6709 | D:8      | Reached skill level 5 in Short Blades
  6709 | D:8      | Reached skill level 5 in Axes
  6709 | D:8      | Reached skill level 5 in Maces & Flails
  6709 | D:8      | Reached skill level 5 in Polearms
  6709 | D:8      | Reached skill level 5 in Staves
  6709 | D:8      | Reached skill level 5 in Slings
  6709 | D:8      | Reached skill level 5 in Bows
  6709 | D:8      | Reached skill level 5 in Crossbows
  6709 | D:8      | Reached skill level 5 in Throwing
  6709 | D:8      | Reached skill level 5 in Dodging
  6709 | D:8      | Reached skill level 5 in Unarmed Combat
  6709 | D:8      | Reached skill level 5 in Spellcasting
  6709 | D:8      | Reached skill level 5 in Evocations
  6749 | D:8      | Noticed Erica
  6759 | D:8      | Killed Erica
  6882 | D:8      | Received a gift from Yredelemnul (a wraith)
  7011 | D:8      | Found a snail-covered altar of Cheibriados.
  7134 | D:8      | Found a staircase to the Lair.
  7320 | D:9      | Noticed a two-headed ogre
  7325 | D:9      | Killed a two-headed ogre
  7343 | D:9      | Noticed a two-headed ogre
  7349 | D:9      | Killed a two-headed ogre
  7510 | D:9      | Noticed a red ugly thing
  7515 | D:9      | Upgraded the game from 0.21.0 to 0.21.0-3-g78d12a8
  7522 | D:9      | Killed a red ugly thing
  7522 | D:9      | Reached XP level 11. HP: 23/84 MP: 19/19
  8101 | D:10     | Entered Level 10 of the Dungeon
  8142 | D:10     | Noticed a two-headed ogre
  8148 | D:10     | Killed a two-headed ogre
  8212 | D:10     | HP: 2/84 [wyvern (7)]
  8212 | D:10     | Mangled by a wyvern

Skill      XL: |  1  2  3  4  5  6  7  8  9 10 |
---------------+-------------------------------+-----
Invocations    | 1 2 3 4 5 6 |  6.5
Short Blades   | 1 2 3 4 5 |  5.9
Axes           | 1 2 3 4 5 |  5.9
Maces & Flails | 1 2 3 4 5 |  5.9
Polearms       | 1 2 3 4 5 |  5.9
Staves         | 1 2 3 4 5 |  5.9
Slings         | 1 2 3 4 5 |  5.9
Bows           | 1 2 3 4 5 |  5.9
Crossbows      | 1 2 3 4 5 |  5.9
Throwing       | 1 2 3 4 5 |  5.9
Dodging        | 1 2 3 4 5 |  5.9
Unarmed Combat | 1 2 3 4 5 |  5.9
Spellcasting   | 1 2 3 4 5 |  5.9
Evocations     | 1 2 3 4 5 |  5.9
Conjurations   | 1 2 3 4 |  4.9
Hexes          | 1 2 3 4 |  4.9
Charms         | 1 2 3 4 |  4.9
Summonings     | 1 2 3 4 |  4.9
Necromancy     | 1 2 3 4 |  4.9
Translocations | 1 2 3 4 |  4.9
Transmutations | 1 2 3 4 |  4.9
Fire Magic     | 1 2 3 4 |  4.9
Ice Magic      | 1 2 3 4 |  4.9
Air Magic      | 1 2 3 4 |  4.9
Earth Magic    | 1 2 3 4 |  4.9
Poison Magic   | 1 2 3 4 |  4.9
Shields        | 3 4 5 6 |  6.5
Fighting       | 5 6 7 |  7.5
Armour         | 5 6 7 |  7.5
Long Blades    | 7 8 |  8.9
Stealth        | 5 6 7 |  7.3

Action                   |  1- 3 |  4- 6 |  7- 9 | 10-12 || total
-------------------------+-------+-------+-------+-------++-------
Melee: Falchion          |    76 |   124 |    33 |       ||   233
       Bite              |     9 |    19 |    39 |    12 ||    79
       Broad axe         |       |       |   225 |    96 ||   321
Invok: Animate Remains   |       |     2 |     9 |       ||    11
       Recall Undead Sla |       |       |     2 |       ||     2
       Animate Dead      |       |       |     5 |     2 ||     7
Evoke: Wand              |       |       |       |     1 ||     1
  Use: Scroll            |       |     3 |     7 |     2 ||    12
       Potion            |       |     5 |     1 |     2 ||     8
 Stab: Sleeping          |     6 |     8 |    11 |     3 ||    28
       Distracted        |     1 |       |     2 |     2 ||     5
  Eat: Chunk             |     2 |     6 |    12 |     6 ||    26
       Ration            |       |       |     1 |       ||     1
Armor: Ring mail         |     8 |    24 |    81 |    36 ||   149
       Skin              |       |       |       |    14 ||    14
Dodge: Dodged            |    42 |    53 |   177 |    69 ||   341
Block: Buckler           |       |    19 |    85 |    47 ||   151
       Rpst.: Falchion   |    15 |    17 |     7 |       ||    39
